Map: Overgrown Facility

Players

AnusHighLife

  • Race: Terran Terran
  • Spawn Location: 1:00

pizzaface

  • Race: Zerg Zerg
  • Spawn Location: 3:00

OpuS - Winner!

  • Race: Protoss Protoss
  • Spawn Location: 9:00

Sketchaphone - Winner!

  • Race: Zerg Zerg
  • Spawn Location: 7:00

VOD

Have the link to the VOD?

Description

Time

  • Played on: Jan. 22, 2019, 1:34 p.m.
  • Length: 12:14
Show
View Real Time Build Order
Export as new Build Order

AnusHighLife Terran 

Build Orders:  

Get SALT Encoding   

  12  0:01  SCV  
  13  0:13  SCV  
  14  0:19  Supply Depot  
  14  0:25  SCV  
  15  0:31  Refinery  
  15  0:40  SCV  
  16  0:46  Barracks  
  16  0:52  SCV  
  17  1:04  SCV  
  18  1:16  SCV  
  19  1:34  Command Center  
  19  1:38  SCV  
  20  1:42  Reaper  
  21  1:53  Orbital Command  
  21  2:02  Supply Depot  
  21  2:14  Marine  
  22  2:18  SCV  
  23  2:32  Factory  
  23  2:33  Marine  
  23  2:34  SCV  
  25  2:43  Refinery  
  25  2:46  SCV  
  26  3:00  SCV  
  26  3:03  Orbital Command  
  27  3:13  SCV  
  28  3:24  Starport  
  28  3:28  Barracks  
  28  3:30  Barracks  
  28  3:34  SCV  
  28  3:35  SCV  
  30  3:46  SCV  
  31  3:56  Supply Depot  
  31  3:58  SCV  
  31  3:59  SCV  
  31  4:01  Factory Tech Lab  
  33  4:06  Fusion Core  
  33  4:11  SCV  
  33  4:12  SCV  
  33  4:15  Refinery  
  35  4:18  Refinery  
  35  4:22  Marine x3  
  35  4:23  SCV  
  38  4:37  Supply Depot  
  38  4:42  Armory  
  38  4:45  SCV x2  
  40  4:47  Starport  
  40  4:59  Battlecruiser  
  46  5:05  SCV x2  
  48  5:08  Supply Depot  
  48  5:13  Marine x2  
  50  5:15  Factory Tech Lab  
  50  5:16  Command Center  
  50  5:19  SCV x2  
  52  5:31  SCV x2  
  60  5:43  Battlecruiser  
  60  5:47  SCV x2  
  62  5:59  SCV x2  
  64  6:05  Battlecruiser  
  64  6:10  Supply Depot  
  64  6:11  Supply Depot  
  70  6:17  Terran Vehicle And Ship Armor Level 1  
  70  6:22  Supply Depot  
  70  6:25  Weapon Refit  
  70  6:27  Marine  
  70  6:28  SCV  
  70  6:29  Factory Tech Lab  
  73  6:38  Orbital Command  
  72  6:40  SCV  
  72  6:42  Supply Depot  
  72  6:45  Supply Depot  
  66  7:00  Orbital Command, Battlecruiser  
  72  7:08  SCV x2  
  74  7:16  Marine x3  
  74  7:19  Command Center  
  74  7:20  SCV x2  
  79  7:28  SCV  
  80  7:32  SCV x2  
  80  7:34  Marine  
  83  7:40  SCV  
  84  7:44  SCV  
  85  8:22  Terran Ship Weapons Level 1  
  85  8:24  SCV x3  
  85  8:26  Marine x3  
  91  8:27  Armory  
  91  8:29  Battlecruiser x2  
  91  8:32  Refinery  
  91  8:34  Refinery  
  103  8:36  SCV x3  
  103  8:38  Orbital Command  
  106  8:43  Marine x3  
  106  8:46  Barracks  
  109  8:48  SCV x2  
  109  8:49  SCV  
  112  9:00  SCV x2  
  112  9:01  Marine  
  112  9:02  Barracks Reactor  
  116  9:03  Barracks Reactor  
  115  9:24  Marine  
  116  9:40  Marine, Battlecruiser x2  
  116  9:41  Marine x3  
  116  9:42  Marine  
  133  9:51  SCV x3  
  126  9:58  Marine x2  
  126  9:59  Marine x2  
  128  10:03  SCV x2  
  130  10:30  Marine x2  
  130  10:31  Marine x3  
  135  10:35  Barracks Reactor  
  135  10:36  Starport  
  135  10:48  Marine x3  
  138  11:04  Battlecruiser  
  140  11:08  Battlecruiser  
  138  11:14  Marine x2  
  140  11:32  Marine  
  140  11:33  Marine  
  140  11:34  Marine  
Show
View Real Time Build Order
Export as new Build Order

pizzaface Zerg 

Build Orders: Hatch First 

Get SALT Encoding   

  12  0:03  Drone  
  13  0:13  Overlord  
  13  0:20  Drone  
  14  0:32  Drone  
  14  0:33  Drone  
  16  0:51  Hatchery  
  16  0:54  Drone  
  16  1:09  Spawning Pool  
  15  1:13  Drone  
  15  1:16  Extractor  
  15  1:18  Drone  
  16  1:21  Drone  
  17  1:26  Drone  
  18  1:35  Drone  
  19  1:45  Overlord  
  19  1:56  Queen  
  19  1:58  Drone  
  22  2:03  Queen  
  22  2:06  Zergling x2  
  25  2:17  Roach Warren  
  25  2:19  Drone  
  25  2:23  Drone  
  26  2:48  Drone x4  
  26  2:49  Drone x2  
  32  2:59  Overlord  
  32  3:00  Overlord  
  32  3:10  Roach x2  
  36  3:14  Lair  
  37  3:20  Drone x3  
  37  3:24  Roach  
  43  3:27  Roach  
  43  3:31  Roach  
  45  3:40  Drone  
  45  3:41  Extractor  
  45  3:42  Drone x3  
  48  3:55  Metabolic Boost  
  48  4:00  Roach x2  
  52  4:21  Overlord x3  
  52  4:33  Overlord  
  52  4:45  Glial Reconstitution  
  52  4:47  Roach x5  
  52  4:49  Zergling x2  
  63  4:56  Drone x3  
  63  4:59  Drone  
  67  5:22  Roach x2  
  67  5:23  Roach x3  
  67  5:47  Roach x3  
  67  5:48  Roach x2  
  70  5:50  Queen  
  70  5:55  Queen  
  72  6:01  Drone  
  73  6:04  Drone  
  74  6:13  Overlord  
  74  6:14  Overlord  
  74  6:18  Roach x4  
  82  6:22  Hatchery  
  81  6:29  Queen  
  83  6:38  Drone, Extractor  
  83  6:39  Drone, Extractor  
  83  6:40  Extractor  
  83  6:41  Roach x2  
  84  7:04  Drone  
  84  7:05  Drone x3  
  88  7:10  Queen  
  90  7:16  Hydralisk Den  
  89  7:25  Evolution Chamber  
  89  7:28  Roach  
  89  7:29  Roach x5  
  100  7:51  Lurker Den  
  99  7:54  Roach x3  
  99  7:56  Overlord x2  
  99  7:57  Overlord x2  
  105  8:07  Pneumatized Carapace  
  105  8:16  Zerg Ground Armor Level 1  
  105  8:24  Grooved Spines, Hydralisk x3  
  105  8:26  Drone  
  112  8:29  Drone x3  
  112  8:30  Drone x4  
  112  8:31  Drone x2  
  121  8:46  Evolution Chamber  
  96  9:08  Hydralisk  
  96  9:09  Hydralisk x6  
  96  9:10  Hydralisk x2  
  100  9:19  Drone  
  100  9:20  Drone  
  85  9:33  Drone x3  
  85  9:35  Queen, Muscular Augments  
  85  9:37  Queen  
  46  10:11  Drone  
  46  10:12  Drone x5  
  7  11:05  Hydralisk x2  
Show
View Real Time Build Order
Export as new Build Order

OpuS Protoss - Winner!

Build Orders:  

Get SALT Encoding   

  12  0:01  Probe  
  13  0:13  Probe  
  14  0:20  Pylon  
  14  0:25  Probe  
  15  0:36  Probe  
  16  0:44  Probe, Gateway  
  17  0:52  Probe  
  17  0:53  Assimilator  
  18  1:06  Probe  
  19  1:19  Probe  
  20  1:27  Probe  
  20  1:31  Cybernetics Core  
  21  1:37  Probe  
  22  1:49  Probe  
  23  1:58  Pylon  
  23  2:00  Nexus  
  23  2:13  Assimilator  
  23  2:17  Probe  
  24  2:22  Warp Gate  
  24  2:23  Zealot  
  25  2:46  Stalker  
  25  3:02  Robotics Facility  
  25  3:03  Probe  
  26  3:15  Probe  
  26  3:23  Stalker  
  26  3:26  Gateway  
  28  3:27  Probe  
  28  3:28  Gateway  
  28  3:32  Probe  
  30  3:40  Probe  
  31  3:44  Probe  
  32  3:52  Probe, Immortal  
  37  3:59  Probe  
  38  4:04  Probe  
  39  4:11  Probe  
  39  4:15  Stalker  
  39  4:16  Probe  
  43  4:23  Stalker, Probe  
  46  4:33  Pylon  
  46  4:38  Pylon  
  46  4:51  Pylon, Probe x2  
  48  4:53  Pylon  
  48  5:03  Probe x2  
  50  5:15  Robotics Bay, Probe  
  50  5:16  Probe  
  52  5:28  Probe x2  
  52  5:40  Probe x2  
  52  5:44  Immortal  
  52  5:49  Assimilator  
  50  5:52  Probe x2  
  50  5:54  Assimilator  
  48  5:59  Stalker x3  
  54  6:04  Probe  
  54  6:07  Twilight Council  
  54  6:09  Gateway  
  55  6:14  Probe  
  56  6:20  Nexus  
  56  6:23  Stalker x3  
  62  6:32  Disruptor  
  65  6:49  Stalker x2  
  65  6:50  Stalker  
  71  6:58  Probe  
  71  6:59  Probe  
  73  7:03  Pylon  
  73  7:05  Pylon  
  73  7:08  Pylon  
  73  7:10  Forge  
  73  7:11  Pylon  
  73  7:12  Forge  
  73  7:14  Forge  
  73  7:17  Blink  
  73  7:18  Disruptor  
  76  7:23  Stalker  
  76  7:29  Protoss Ground Weapons Level 1  
  78  7:30  Protoss Ground Armor Level 1  
  78  7:35  Stalker  
  78  7:36  Stalker  
  82  7:50  Protoss Shields Level 1  
  80  7:53  Probe x2  
  80  7:54  Probe  
  83  7:59  Stalker x2  
  83  8:00  Disruptor  
  87  8:06  Stalker x2  
  94  8:25  Stalker x2  
  98  8:29  Stalker  
  98  8:30  Stalker  
  98  8:32  Probe x2  
  98  8:33  Probe  
  105  8:37  Assimilator  
  105  8:40  Pylon  
  105  8:41  Assimilator  
  105  8:57  Stalker x3  
  105  8:58  Stalker  
  113  9:06  Disruptor  
  116  9:11  Robotics Bay  
  116  9:13  Gateway  
  116  9:15  Gateway  
  116  9:18  Gateway  
  116  9:19  Probe x2  
  116  9:20  Gateway  
  116  9:24  Probe  
  119  9:29  Stalker x2  
  119  9:31  Probe  
  124  9:37  Protoss Ground Weapons Level 2, Protoss Ground Armor Level 2  
  124  9:39  Robotics Facility  
  124  9:41  Protoss Shields Level 2  
  76  10:21  Stalker x2  
  60  10:22  Colossus, Stalker  
  60  10:23  Stalker x4  
  60  10:24  Stalker  
  74  10:33  Colossus  
  86  11:11  Stalker x3  
  90  11:12  Stalker x4  
  90  11:15  Stalker  
  100  11:45  Stalker  
  100  11:46  Stalker x2  
  100  11:47  Stalker x3  
  78  12:02  Stalker x2  
Show
View Real Time Build Order
Export as new Build Order

Sketchaphone Zerg - Winner!

Build Orders: Hatch First 

Get SALT Encoding   

  12  0:01  Drone  
  13  0:12  Overlord  
  13  0:18  Drone  
  14  0:21  Extractor  
  14  0:24  Drone  
  15  0:31  Drone  
  16  0:41  Drone  
  17  0:57  Hatchery  
  17  0:59  Extractor  
  17  1:00  Drone  
  17  1:02  Drone  
  17  1:08  Drone  
  18  1:30  Spawning Pool  
  17  1:37  Drone  
  17  1:38  Drone  
  19  1:42  Drone  
  20  1:52  Overlord  
  20  2:02  Drone  
  21  2:16  Metabolic Boost, Drone  
  21  2:17  Queen  
  21  2:19  Zergling x2  
  21  2:20  Drone  
  26  2:23  Queen  
  29  2:30  Zergling x2  
  29  2:32  Drone  
  29  2:34  Drone  
  31  2:46  Overlord  
  31  2:47  Overlord  
  31  3:04  Overlord, Drone  
  31  3:05  Drone x2  
  33  3:14  Drone  
  34  3:21  Overlord  
  34  3:26  Drone  
  35  3:35  Pneumatized Carapace, Drone x2  
  35  3:38  Hatchery  
  36  3:48  Zergling x12  
  40  3:49  Zergling x2  
  43  4:03  Zergling x2  
  43  4:04  Zergling x2  
  44  4:14  Evolution Chamber  
  44  4:15  Drone x2  
  46  4:24  Drone x2  
  46  4:25  Overlord, Drone  
  46  4:26  Drone  
  46  4:30  Extractor  
  48  4:32  Extractor  
  48  4:33  Drone x2  
  48  4:34  Drone, Extractor  
  48  4:35  Drone  
  48  4:37  Overlord  
  50  4:43  Zerg Melee Weapons Level 1  
  50  4:44  Drone  
  51  4:59  Drone x2  
  53  5:09  Lair  
  53  5:26  Drone x2  
  55  5:29  Drone x2  
  55  5:31  Overlord  
  55  5:32  Overlord  
  52  5:53  Zergling x12  
  52  5:54  Zergling x12  
  60  6:04  Queen  
  60  6:05  Evolution Chamber  
  60  6:09  Overlord x2  
  60  6:10  Zergling x4  
  63  6:28  Spire  
  63  6:30  Drone x4  
  66  6:33  Drone x2  
  66  6:34  Queen x2  
  66  6:36  Drone  
  73  6:40  Queen  
  70  6:53  Drone x2  
  67  6:55  Zerg Melee Weapons Level 2  
  67  6:56  Zerg Ground Armor Level 1  
  65  7:18  Overlord  
  65  7:25  Infestation Pit  
  64  7:32  Drone x2  
  64  7:33  Zergling x22  
  64  7:34  Spore Crawler  
  76  7:39  Mutalisk x3  
  76  7:42  Mutalisk  
  84  7:45  Mutalisk  
  84  7:46  Mutalisk x3  
  92  7:54  Mutalisk  
  92  7:55  Mutalisk x2  
  98  8:07  Hatchery, Zerg Flyer Weapons Level 1  
  98  8:08  Zergling x12  
  98  8:09  Overlord  
  103  8:13  Drone x3  
  103  8:14  Extractor  
  103  8:15  Extractor  
  104  8:22  Zergling x4  
  104  8:23  Mutalisk  
  105  9:12  Corruptor x7  
  117  9:20  Drone x3  
  117  9:21  Drone x4  
  110  9:32  Zerg Ground Armor Level 2  
  110  9:37  Neural Parasite  
  110  9:52  Zergling x28  
  124  9:59  Queen  
  126  10:05  Overlord x3  
  126  10:06  Overlord  
  118  10:43  Hive  
  118  10:47  Corruptor x6  
  125  11:00  Infestor, Mutalisk x3  
  125  11:04  Zergling x16  
  126  11:06  Overlord  
  132  11:16  Drone x4  
  136  11:21  Overlord x2  
Tags
 
Add a new tag
Caveats
  • Supply blocks, unpowered buildings, or Contaminate may cause inaccurate times.
  • Supply counts are checked every 10 seconds.